 Dungeon Crawl Stone Soup version 0.21.1-1-g345015f (webtiles) character file.

56 erloom the Skirmisher (level 3, -10/24 HPs)
             Began as a Gargoyle Fighter on Mar 10, 2018.
             Mangled by Crazy Yiuf
             ... wielding a +2 quarterstaff of chaos
              (15 damage)
             ... on level 2 of the Dungeon.
             The game lasted 00:02:35 (1609 turns).

erloom the Skirmisher (Gargoyle Fighter)            Turns: 1609, Time: 00:02:35

Health: -10/24     AC: 11    Str: 19    XL:     3   Next: 97%
Magic:  3/3        EV:  7    Int:  9    God:
Gold:   119        SH:  9    Dex:  9    Spells: 2/2 levels left

rFire    . . .     SeeInvis .   a - +0 flail
rCold    . . .     Gourm    .   c - +0 shield
rNeg     + . .     Faith    .   q - +0 scale mail
rPois    ∞         Spirit   .   (no helmet)
rElec    +         Reflect  .   m - +0 cloak
rCorr    .         Harm     .   (no gloves)
MR       .....                  (no boots)
Stlth    ..........             (no amulet)
HPRegen  0.08/turn              l - ring of flight
MPRegen  0.08/turn              (no ring)

@: no status effects
A: negative energy resistance 1, electricity resistance, unbreathing,
petrification resistance, rot immunity, AC +3
a: Evoke Flight


You were on level 2 of the Dungeon.
You were not hungry.

You visited 1 branch of the dungeon, and saw 2 of its levels.

You collected 119 gold pieces.

Inventory:

Hand Weapons
 a - a +0 flail (weapon)
Missiles
 k - 9 tomahawks (quivered)
Armour
 b - a +0 scale mail
 c - a +0 shield (worn)
 m - a +0 cloak (worn)
 q - a +0 scale mail (worn)
Jewellery
 l - a ring of flight (left hand)
 s - a +5 ring of intelligence {unknown}
Scrolls
 e - a scroll of enchant armour {unknown}
 h - a scroll of teleportation {unknown}
 o - a scroll of enchant weapon {unknown}
 r - a scroll of remove curse {unknown}
Potions
 d - a potion of might
 g - a potion of lignification {unknown}
 i - a potion of haste {unknown}
 j - a potion of curing {unknown}
 p - a potion of flight {unknown}
Comestibles
 f - 5 rations
 n - 2 chunks of flesh


   Skills:
 + Level 4.3 Fighting
 + Level 3.2 Maces & Flails
 - Level 3.2 Armour
 - Level 3.2 Shields


You had 2 spell levels left.
You didn't know any spells.

Dungeon Overview and Level Annotations

Branches:
Dungeon (2/15)

Altars:
Makhleb
Xom

Annotations:
D:2 Crazy Yiuf


Innate Abilities, Weirdness & Mutations

You are resistant to torment.
Your stone body is resilient. (AC +3)
You are immune to poison.
You resist negative energy. (rN+)
You are resistant to electric shocks. (rElec)
You can survive without breathing.
You are immune to petrification.
You are immune to rotting.


Message History

Crazy Yiuf is almost dead.
Crazy Yiuf laughs, "Cholesterol sallow disdain!"
Crazy Yiuf hits you but does no damage.
You hit Crazy Yiuf.
Crazy Yiuf is almost dead.
Crazy Yiuf screams, "Dawk alas disdain!"
Crazy Yiuf hits you but does no damage.
You hit Crazy Yiuf but do no damage.
Crazy Yiuf is almost dead.
Crazy Yiuf screams, "Lay illywillydillykilly poople!"
Crazy Yiuf hits you with a quarterstaff of chaos!
Crazy Yiuf freezes you.
* * * LOW HITPOINT WARNING * * *
You barely miss Crazy Yiuf.
Crazy Yiuf is almost dead.
Crazy Yiuf hits you but does no damage.
Crazy Yiuf waves his quarterstaff at you.
Crazy Yiuf hits you but does no damage. Space warps horribly around you!
Ouch! That really hurt!
You die...

#.# #######.##
##.######## #.# #.##
##.......# #.# #..#
#.######.# #.# ####
### #.# #.# #.#
###.# #######.##
....# ####
###.#...#..# #####
#...##..#.......#
#..g@.####......#
#)..### ##..#.##
#### ###### #####
#.#.#
############.#.#
#####............#.#


You could see Crazy Yiuf.

Vanquished Creatures
  An adder (D:2)
  A worm (D:2)
  A dart slug (D:1)
  2 leopard geckos (D:1)
  9 bats
  2 giant cockroaches (D:2)
  8 hobgoblins
  5 frilled lizards
  2 goblins
  4 kobolds
  2 rats
37 creatures vanquished.

Notes
Turn   | Place    | Note
-------+----------+-------------------------------------------
     0 | D:1      | erloom the Gargoyle Fighter began the quest for the Orb.
     0 | D:1      | Reached XP level 1. HP: 14/14 MP: 1/1
     2 | D:1      | Noticed a gargoyle
     2 | D:1      | Noticed a ghoul
     4 | D:1      | Noticed a felid
     4 | D:1      | Noticed an octopode
     6 | D:1      | Noticed a minotaur
     6 | D:1      | Noticed a formicid
     8 | D:1      | Noticed a centaur
    10 | D:1      | Noticed a troll
    10 | D:1      | Noticed a spriggan
    12 | D:1      | Noticed a demonspawn
    12 | D:1      | Noticed a vine stalker
    14 | D:1      | Noticed a tengu
    14 | D:1      | Noticed a human
    16 | D:1      | Noticed an elf
    16 | D:1      | Noticed a halfling
    18 | D:1      | Noticed a naga
    18 | D:1      | Noticed a vampire
    20 | D:1      | Noticed a demigod
    22 | D:1      | Noticed a draconian
    24 | D:1      | Noticed a dwarf
    26 | D:1      | Noticed a merfolk
    26 | D:1      | Noticed an ogre
    74 | D:1      | Found a shimmering altar of Xom.
   182 | D:1      | Reached XP level 2. HP: 16/19 MP: 2/2
   886 | D:2      | Found a runed door.
   944 | D:2      | Reached XP level 3. HP: 24/24 MP: 3/3
   964 | D:2      | Reached skill level 4 in Fighting
   977 | D:2      | Found a burning altar of Makhleb.
  1601 | D:2      | Noticed Crazy Yiuf
  1609 | D:2      | Mangled by Crazy Yiuf

Skill      XL: |  1  2  3 |
---------------+----------+-----
Fighting       | 4 |  4.3
Maces & Flails | 3 |  3.2
Armour         | |  3.2
Shields        | |  3.2

Action                   || total
-------------------------++-------
Melee: Flail             ||   170
  Eat: Chunk             ||     3
Armor: Scale mail        ||   107
Dodge: Dodged            ||    58
Block: Shield            ||   110
